 Dungeon Crawl Stone Soup version 0.18.1-48-g4cf74bf (webtiles) character file.

214 boogeech the Magician (level 5, -6/37 HPs)
             Began as a Demonspawn Transmuter on June 28, 2016.
             Mangled by an orc
             ... wielding a +0 morningstar
              (11 damage)
             ... on level 3 of the Dungeon.
             The game lasted 00:07:43 (2872 turns).

boogeech the Magician (Demonspawn Transmuter)       Turns: 2872, Time: 00:07:43

Health: -6/37      AC:  2    Str: 10    XL:     5   Next: 59%
Magic:  0/9        EV: 20    Int: 16    God:
Gold:   47         SH:  0    Dex: 18    Spells: 2 memorised, 6 levels left

rFire  . . .     SeeInvis .       - Unarmed
rCold  . . .     Gourm    .     (armour currently unavailable)
rNeg   . . .     Faith    .     (shield currently unavailable)
rPois  x         Spirit   +     (helmet currently unavailable)
rElec  .         Dismiss  .     (cloak currently unavailable)
rCorr  .         Reflect  .     (gloves currently unavailable)
SustAt .         Harm     .     (boots currently unavailable)
MR     .....                    r - amulet of guardian spirit
Stlth  +++.......               (no ring)
                                (no ring)

@: spider-form, not resistant to hostile enchantments, fairly stealthy
A: (claws 0), nightstalker 1
a: End Transformation


You were on level 3 of the Dungeon.
You were not hungry.
You were a venomous arachnid creature.
You visited 1 branch of the dungeon, and saw 3 of its levels.

You collected 47 gold pieces.

Inventory:

Missiles
 a - 12 arrows
 u - 95 stones (quivered)
Armour
 b - a +0 robe (melded)
 k - a +0 helmet (melded)
 p - a +0 pair of boots (melded)
 t - a +0 leather armour
 y - a +0 buckler
Jewellery
 r - an amulet of guardian spirit (around neck)
Wands
 E - a wand of lightning (5/15)
Scrolls
 e - a scroll of blinking
 i - a scroll of random uselessness {unknown}
 l - 2 scrolls of identify
 m - a scroll of fear {unknown}
 n - 2 scrolls of remove curse
 q - 2 scrolls of noise {unknown}
 s - 2 scrolls of enchant weapon {unknown}
 w - a scroll of magic mapping {unknown}
Potions
 g - a potion of invisibility {unknown}
 h - a potion of mutation {unknown}
 j - a potion of heal wounds {unknown}
 o - 5 potions of curing {unknown}
 v - a potion of lignification {unknown}
 x - a potion of magic {unknown}
 B - a potion of degeneration {unknown}
 C - a potion of resistance {unknown}
Books
 c - a book of Changes

   Spells                             Type                      Level
   a - Beastly Appendage              Transmutation                1
   b - Sticks to Snakes               Transmutation                2
   c - Spider Form                    Transmutation/Poison         3
   d - Ice Form                       Ice/Transmutation            4
   e - Blade Hands                    Transmutation                5
Comestibles
 d - 4 bread rations
 f - 2 meat rations
 z - 8 chunks of flesh
 A - a beef jerky
 D - 3 fruits


   Skills:
 - Level 1.6 Fighting
 - Level 0.3 Armour
 - Level 2.1 Dodging
 - Level 2.8 Unarmed Combat
 + Level 3.2 Spellcasting
 * Level 3.1 Transmutations
 * Level 2.6 Poison Magic


You had 6 spell levels left.
You knew the following spells:

 Your Spells              Type           Power        Failure   Level  Hunger
a - Beastly Appendage     Trmt           ##....       21%         1    None
b - Spider Form           Trmt/Pois      ##........   36%         3    ###....


Dungeon Overview and Level Annotations

Branches:
Dungeon (3/15)

Altars:


Innate Abilities, Weirdness & Mutations

((You have very sharp fingernails.))
You are slightly more attuned to the shadows.


Message History

The orc wizard is severely wounded.
You kill the orc wizard!
The orc misses you.
You barely miss the orc. The orc misses you.
The orc wizard shouts!
You hit the orc.
The orc is poisoned.
The orc is heavily wounded.
You kill the orc!
The orc closely misses you. The orc hits you with a morningstar!
You see here a mace.
You hit the orc wizard.
The orc wizard is poisoned.
The orc wizard is lightly wounded.
The orc hits you with a morningstar!
* * * LOW HITPOINT WARNING * * *
The orc wizard completely misses you.
You hit the orc wizard.
The orc wizard looks even sicker.
The orc wizard is severely wounded.
The orc hits you with a morningstar!
You die...

## .# ####### .# . ......)
#######.###.# #######
......o.....# #so.....
#.)##### #..# #..#
.≈≈≈≈≈≈≈≈P.# # #.#########
##
≈≈≈≈≈≈≈≈≈≈.###>#..........
#.
≈≈≈≈≈≈≈≈≈≈.##..#...#######
#. .≈≈≈≈≈≈≈...#.......##
.P≈≈≈≈≈..PP##..#....#


You could see an orc wizard and an orc.

Vanquished Creatures
  An orc priest (D:3)
  An orc wizard (D:3)
  4 adders
  5 gnolls
  4 dart slugs
  5 orcs (D:3)
  7 bats
  3 giant cockroaches
  5 goblins
  6 hobgoblins
  7 jackals
  A quokka (D:2)
  3 giant newts
  7 kobolds
  6 rats
65 creatures vanquished.

Notes
Turn   | Place    | Note
--------------------------------------------------------------
     0 | D:1      | boogeech the Demonspawn Transmuter began the quest for the Orb.
     0 | D:1      | Reached XP level 1. HP: 15/15 MP: 3/3
   145 | D:1      | Gained mutation: You have sharp fingernails. [demonic ancestry]
   145 | D:1      | Reached XP level 2. HP: 10/21 MP: 3/5
   828 | D:1      | Gained mutation: You have very sharp fingernails. [demonic ancestry]
   828 | D:1      | Reached XP level 3. HP: 16/26 MP: 6/6
   946 | D:1      | Learned a level 3 spell: Spider Form
  1185 | D:1      | Reached skill level 1 in Poison Magic
  1497 | D:2      | Reached XP level 4. HP: 19/32 MP: 3/7
  2357 | D:3      | Gained mutation: You are slightly more attuned to the shadows. [demonic ancestry]
  2357 | D:3      | Reached XP level 5. HP: 14/37 MP: 1/9
  2872 | D:3      | Mangled by an orc

Skill      XL: |  1  2  3  4  5 |
---------------+----------------+-----
Dodging        | 2 |  2.1
Transmutations | 2 3 |  3.1
Poison Magic   | 1 2 |  2.6
Spellcasting   | 3 |  3.2
Fighting       | |  1.6
Armour         | |  0.3
Unarmed Combat | |  2.8

Action                   |  1- 3 |  4- 6 || total
-------------------------+-------+-------++-------
Melee: Unarmed           |    82 |   114 ||   196
       Kick              |     3 |       ||     3
 Cast: Beastly Appendage |     2 |       ||     2
       Spider Form       |     2 |     4 ||     6
  Use: Scroll            |       |     3 ||     3
  Eat: Chunk             |     1 |     1 ||     2
       Meat ration       |     1 |       ||     1
Armor: Robe              |    15 |    21 ||    36
       Skin              |     2 |     6 ||     8
Dodge: Dodged            |    52 |   111 ||   163
